[Event "Early-Titled-Tuesday-Blitz-September-26-2023"]
[Site "Chess.com"]
[Date "2023.09.26"]
[Round "11"]
[White "stratacticos"]
[Black "GMJustin"]
[Result "0-1"]
[WhiteElo "1799"]
[BlackElo "2216"]
[TimeControl "180+1"]
[EndTime "10:00:48 PDT"]
[Termination "GMJustin won by resignation"]

1. e4 e5 2. Nf3 Nc6 3. Bc4 Bc5 4. O-O Nf6 5. b4 Bxb4 6. c3 Bd6 7. d4 O-O 8. dxe5 Nxe5 9. Nxe5 Bxe5 10. f4 Bd6 11. e5 Bc5+ 12. Kh1 Ne4 13. Qf3 d5 14. Qxe4 dxe4 0-1

[Event "Early-Titled-Tuesday-Blitz-September-26-2023"]
[Site "Chess.com"]
[Date "2023.09.26"]
[Round "11"]
[White "ellatambien"]
[Black "Lennis93"]
[Result "1-0"]
[WhiteElo "2557"]
[BlackElo "2722"]
[TimeControl "180+1"]
[EndTime "10:01:28 PDT"]
[Termination "ellatambien won by resignation"]

1. c4 e5 2. Nc3 Nf6 3. Nf3 Nc6 4. e4 Bb4 5. d3 d6 6. Be2 Bg4 7. O-O Bxf3 8. Bxf3 a5 9. g3 h5 10. h4 Qd7 11. Bg5 Nh7 12. Be3 g6 13. Nd5 Bc5 14. a3 Nd4 15. Bg2 c6 16. Nc3 Nf6 17. Rb1 Ng4 18. Bd2 b5 19. cxb5 cxb5 20. Nd5 a4 21.
Kh1 O-O 22. f3 f5 23. fxg4 hxg4 24. Bg5 Ne6 25. Nf6+ Rxf6 26. Bxf6 Qh7 27. exf5 gxf5 28. Bxa8 Kf7 29. Bg5 Nxg5 30. Qxg4 1-0

[Event "Early-Titled-Tuesday-Blitz-September-26-2023"]
[Site "Chess.com"]
[Date "2023.09.26"]
[Round "11"]
[White "KamlaPasand"]
[Black "SharapovEvgeny"]
[Result "1-0"]
[WhiteElo "2458"]
[BlackElo "2570"]
[TimeControl "180+1"]
[EndTime "10:01:31 PDT"]
[Termination "KamlaPasand won by resignation"]

1. e4 c5 2. Nf3 d6 3. d4 cxd4 4. Nxd4 Nf6 5. Nc3 Nc6 6. f3 e5 7. Nb3 Be7 8. Be3 O-O 9. Qd2 a5 10. Na4 d5 11. Bb6 Qd6 12. Bc5 Qe6 13. Bxe7 Nxe7 14.
exd5 Nexd5 15. Bc4 e4 16. O-O-O e3 17. Qd3 Rd8 18. Nac5 Qe7 19. Rhe1 a4 20. Rxe3 Be6 21.
Nxe6 Nxe3 22. Qxd8+ Rxd8 23. Rxd8+ Qxd8 24. Nxd8 Nxc4 25.
Nc5 b6 26. Nxa4 1-0

[Event "Early-Titled-Tuesday-Blitz-September-26-2023"]
[Site "Chess.com"]
[Date "2023.09.26"]
[Round "11"]
[White "Witik"]
[Black "amanmuhammethommadov"]
[Result "1-0"]
[WhiteElo "2740"]
[BlackElo "2592"]
[TimeControl "180+1"]
[EndTime "10:01:42 PDT"]
[Termination "Witik won by checkmate"]

1. e4 c5 2. d4 cxd4 3. c3 dxc3 4. Nxc3 Nc6 5. Nf3 d6 6. Bc4 e6 7. O-O Nf6 8. Qe2 Be7 9. Rd1 e5 10. Bb5 Bd7 11. Bg5 Bg4 12. Qc4 Rc8 13. Nxe5 Bxd1 14. Qxf7# 1-0

[Event "Early-Titled-Tuesday-Blitz-September-26-2023"]
[Site "Chess.com"]
[Date "2023.09.26"]
[Round "11"]
[White "DarZay"]
[Black "KerryStead"]
[Result "1-0"]
[WhiteElo "2194"]
[BlackElo "2082"]
[TimeControl "180+1"]
[EndTime "10:01:49 PDT"]
[Termination "DarZay won by checkmate"]

1. e4 c6 2. d4 d5 3. Nc3 dxe4 4. Nxe4 Bf5 5. Ng3 Bg6 6. h4 h6 7. h5 Bh7 8. Nf3 e6 9. Bd3 Bxd3 10. Qxd3 Nf6 11. c3 Bd6 12. Ne4 Nxe4 13. Qxe4 Nd7 14.
Bd2 Nf6 15. Qc2 Qb6 16. O-O-O O-O-O 17. Ne5 Rhf8 18. f4 Kb8 19. Nc4 Qc7 20. Nxd6 Qxd6 21. g3 c5 22. Be3 c4 23. Qa4 Qd5 24. b3 cxb3 25. axb3 Rc8 26. c4 Qf3 27. Rhe1 Qxg3 28. d5 exd5 29. Bxa7+ Kc7 30. Qa5+ Kd7 31. Rxd5+ Nxd5 32.
Qxd5+ Kc7 33. Re7# 1-0

[Event "Early-Titled-Tuesday-Blitz-September-26-2023"]
[Site "Chess.com"]
[Date "2023.09.26"]
[Round "11"]
[White "Druid24"]
[Black "KaydenTroffChess"]
[Result "0-1"]
[WhiteElo "2664"]
[BlackElo "2785"]
[TimeControl "180+1"]
[EndTime "10:01:57 PDT"]
[Termination "KaydenTroffChess won by resignation"]

1. e4 c5 2. Nc3 g6 3. d4 cxd4 4.
Qxd4 Nf6 5. Nf3 Nc6 6. Qa4 d6 7. e5 dxe5 8. Nxe5 Bd7 9. Nxd7 Nxd7 10. Be3 Bg7 11. Rd1 Qc8 12. Bb5 O-O 13. O-O Nb6 14. Qh4 Qf5 15. Bxc6 bxc6 16. Qxe7 Qxc2 17. Rd2 Qf5 18.
Qe4 Qxe4 19. Nxe4 Nc4 20. Rc2 Nxe3 21. fxe3 Rfe8 22. Nf6+ Bxf6 23. Rxf6 Rxe3 24. Rfxc6 Kg7 25. Kf2 Re5 26. Rc8 Rxc8 27. Rxc8 Rf5+ 28. Ke3 Re5+ 29. Kd3 Rh5 30. g3 Rg5 31. Ra8 Ra5 32. a3 h5 33. Kc4 g5 34. Kb4 Ra6 35. a4 Rb6+ 36.
Ka3 Rb7 37. b4 f5 38. b5 f4 39. gxf4 gxf4 40. Rc8 f3 41. Rc2 Rf7 42. Rf2 Kg6 43.
Kb4 Kg5 44. a5 Kf4 45. b6 axb6 46. axb6 Ke3 47. Rb2 f2 48. Rb1 f1=Q 0-1

[Event "Early-Titled-Tuesday-Blitz-September-26-2023"]
[Site "Chess.com"]
[Date "2023.09.26"]
[Round "11"]
[White "vishwa_vijeta"]
[Black "GMTalks_Youtube"]
[Result "0-1"]
[WhiteElo "2548"]
[BlackElo "2723"]
[TimeControl "180+1"]
[EndTime "10:02:33 PDT"]
[Termination "GMTalks_Youtube won by resignation"]

1. e4 e5 2. Nf3 Nc6 3. d4 exd4 4. Bc4 Bc5 5. c3 Nf6 6. cxd4 Bb4+ 7. Bd2 Bxd2+ 8. Nbxd2 d5 9. exd5 Nxd5 10. O-O O-O 11. Qb3 Nb6 12. Rad1 Na5 13. Qc3 Naxc4 14. Nxc4 Nd5 15.
Qb3 c6 16. h3 Rb8 17. Nce5 Be6 18. Rfe1 h6 19. Nd3 Ne3 20. Qa3 Nxd1 21. Rxd1 Bd5 22. Nfe5 a6 23. Nf4 Re8 24. Rd3 Qg5 25.
Nxd5 cxd5 26. Rg3 Qc1+ 27. Kh2 Qf4 28. Ng4 h5 0-1

[Event "Early-Titled-Tuesday-Blitz-September-26-2023"]
[Site "Chess.com"]
[Date "2023.09.26"]
[Round "11"]
[White "Gyulamiryan-koryun"]
[Black "Flopezin"]
[Result "0-1"]
[WhiteElo "2010"]
[BlackElo "2300"]
[TimeControl "180+1"]
[EndTime "10:02:33 PDT"]
[Termination "Flopezin won by checkmate"]

1. e4 e5 2. Nf3 Nc6 3. Bc4 Nf6 4. Ng5 d5 5. exd5 Na5 6. Bb5+ c6 7. dxc6 bxc6 8. Qf3 cxb5 9. Qxa8 Qc7 10. Qf3 Nc6 11. c3 Bg4 12. Qg3 Nd4 13. Qd3 Bf5 14. Qg3 Nc2+ 15.
Kd1 Nxa1 16. d3 Bc5 17. Re1 O-O 18. Qxe5 Qd7 19. Qxc5 Qxd3+ 20. Nd2 Qc2+ 21. Ke2 Re8+ 22. Kf1 Bd3+ 23. Re2 Qd1# 0-1

[Event "Early-Titled-Tuesday-Blitz-September-26-2023"]
[Site "Chess.com"]
[Date "2023.09.26"]
[Round "11"]
[White "MasterKroket"]
[Black "GradualismUnleashed"]
[Result "0-1"]
[WhiteElo "2451"]
[BlackElo "2595"]
[TimeControl "180+1"]
[EndTime "10:02:34 PDT"]
[Termination "GradualismUnleashed won by resignation"]

1. e4 c5 2. Nf3 e6 3. d4 cxd4 4. Nxd4 Nc6 5. Nc3 Qc7 6. Be3 a6 7. Qf3 Bd6 8. O-O-O Be5 9. Kb1 Nge7 10. h4 b5 11.
Nxc6 Nxc6 12. Bd3 Bb7 13. h5 Rc8 14. Ne2 Nb4 15. Nd4 f5 16. a3 Nxd3 17. cxd3 f4 18.
Rc1 Qb8 19. Nxe6 dxe6 20. d4 fxe3 21. Rxc8+ Qxc8 22. dxe5 Qc4 0-1

[Event "Early-Titled-Tuesday-Blitz-September-26-2023"]
[Site "Chess.com"]
[Date "2023.09.26"]
[Round "11"]
[White "Roedor"]
[Black "Kielinkei"]
[Result "1/2-1/2"]
[WhiteElo "2346"]
[BlackElo "2470"]
[TimeControl "180+1"]
[EndTime "10:02:38 PDT"]
[Termination "Game drawn by repetition"]

1. d4 Nf6 2. c4 e6 3. g3 Bb4+ 4. Nd2 c5 5. Nf3 Nc6 6. a3 Bxd2+ 7. Qxd2 Na5 8. Qc2 b5 9. cxb5 c4 10. Bd2 Nb3 11. Rd1 d5 12. Bb4 Bd7 13. a4 a6 14.
Nd2 Nxd4 15. Qc3 Nb3 16. Nxb3 cxb3 17. e4 Nxe4 18. Qxg7 Qf6 19. Qxf6 Nxf6 20. Bc3 Ke7 21. Bb4+ Ke8 22. Bc3 Ke7 23. Bb4+ Ke8 24. Bc3 Ke7 1/2-1/2

[Event "Early-Titled-Tuesday-Blitz-September-26-2023"]
[Site "Chess.com"]
[Date "2023.09.26"]
[Round "11"]
[White "Aswathchess"]
[Black "vovachesss"]
[Result "1-0"]
[WhiteElo "2603"]
[BlackElo "2719"]
[TimeControl "180+1"]
[EndTime "10:02:39 PDT"]
[Termination "Aswathchess won by resignation"]

1. e4 e5 2. Nf3 Nc6 3. Bc4 Nf6 4. d3 h6 5. O-O d6 6. a4 g6 7. h3 Bg7 8. Re1 O-O 9. Nc3 Re8 10. Be3 Be6 11.
Qd2 Kh7 12. Rab1 d5 13. exd5 Nxd5 14. Nxd5 Bxd5 15. Bxd5 Qxd5 16. b4 Rad8 17. b5 Ne7 18. Qa5 b6 19. Qxa7 Rd7 20. c4 Qxd3 21. Rbd1 Qf5 22.
Rxd7 Qxd7 23. Bxb6 e4 24. Qxc7 Qxc7 25. Bxc7 exf3 26.
b6 Bf6 27. b7 1-0

[Event "Early-Titled-Tuesday-Blitz-September-26-2023"]
[Site "Chess.com"]
[Date "2023.09.26"]
[Round "11"]
[White "melissa_guez"]
[Black "salomez"]
[Result "1/2-1/2"]
[WhiteElo "2122"]
[BlackElo "2296"]
[TimeControl "180+1"]
[EndTime "10:02:41 PDT"]
[Termination "Game drawn by agreement"]

1. e4 c5 2. Nf3 Nc6 3. d4 cxd4 4. Nxd4 Nf6 5. Nc3 e5 6. Ndb5 d6 7. Bg5 a6 8. Na3 b5 9. Nd5 Be7 10. Bxf6 Bxf6 11. c4 b4 12. Nc2 a5 13. b3 O-O 14. g3 Bg5 15. Bg2 Be6 16. O-O Nb8 17. f4 exf4 18. gxf4 Bh6 19. f5 Bxd5 20. Qxd5 Qb6+ 21.
Kh1 Nd7 22. Rad1 Ra6 1/2-1/2

[Event "Early-Titled-Tuesday-Blitz-September-26-2023"]
[Site "Chess.com"]
[Date "2023.09.26"]
[Round "11"]
[White "MMAHDI2013"]
[Black "Jaka_Brilej"]
[Result "0-1"]
[WhiteElo "2329"]
[BlackElo "2503"]
[TimeControl "180+1"]
[EndTime "10:03:05 PDT"]
[Termination "Jaka_Brilej won by resignation"]

1. c4 e6 2. Nf3 d5 3. g3 Nf6 4. Bg2 dxc4 5. Qa4+ Nbd7 6. O-O a6 7. Qxc4 b5 8. Qc6 Rb8 9. Qc2 Bb7 10. d4 c5 11.
Bf4 Rc8 12. dxc5 Bxc5 13. Qd1 O-O 14. Nc3 Nb6 15. Nd2 Bxg2 16. Kxg2 Nfd5 17. Nde4 Bd4 18.
Bd6 Bxc3 19. Bxf8 Bxb2 20. Rb1 Nc4 21. Bd6 Nde3+ 22. fxe3 Nxe3+ 23. Kh1 Nxd1 0-1

[Event "Early-Titled-Tuesday-Blitz-September-26-2023"]
[Site "Chess.com"]
[Date "2023.09.26"]
[Round "11"]
[White "kereswasbest"]
[Black "Kostya0705"]
[Result "1-0"]
[WhiteElo "2322"]
[BlackElo "2559"]
[TimeControl "180+1"]
[EndTime "10:03:09 PDT"]
[Termination "kereswasbest won by resignation"]

1. d4 Nf6 2. c4 e6 3. Nf3 d5 4. Nc3 dxc4 5. e4 b5 6. e5 Nd5 7. Nxb5 Nb6 8. b3 Bb4+ 9. Bd2 Bxd2+ 10. Qxd2 cxb3 11. axb3 a6 12. Nc3 O-O 13. Bd3 Bb7 14.
Be4 Nd5 15. Na4 Nd7 16. O-O h6 17. Rfc1 Rb8 18. Ra2 Qe7 19. Nc5 Nxc5 20. Rxc5 Rfd8 21. Rac2 Rd7 22. h3 Nb4 23. Qxb4 1-0

[Event "Early-Titled-Tuesday-Blitz-September-26-2023"]
[Site "Chess.com"]
[Date "2023.09.26"]
[Round "11"]
[White "ZeGood_ZeBad_ZeUgly"]
[Black "verrbaa"]
[Result "0-1"]
[WhiteElo "2302"]
[BlackElo "2423"]
[TimeControl "180+1"]
[EndTime "10:03:11 PDT"]
[Termination "verrbaa won by resignation"]

1. e4 e5 2. Nf3 Nc6 3. Bc4 Nf6 4. Ng5 d5 5. exd5 Na5 6. Bb5+ c6 7. dxc6 bxc6 8.
Bd3 Nd5 9. Nf3 Bd6 10. O-O O-O 11. Nc3 f5 12. Nxd5 cxd5 13. Be2 e4 14. Nd4 f4 15. d3 f3 16. gxf3 Bxh2+ 17. Kg2 Qh4 0-1

[Event "Early-Titled-Tuesday-Blitz-September-26-2023"]
[Site "Chess.com"]
[Date "2023.09.26"]
[Round "11"]
[White "gueraumasague"]
[Black "kidagent"]
[Result "1-0"]
[WhiteElo "2462"]
[BlackElo "2263"]
[TimeControl "180+1"]
[EndTime "10:03:19 PDT"]
[Termination "gueraumasague won by resignation"]

1. Nf3 Nf6 2. b3 c6 3. Bb2 d5 4. e3 Nbd7 5. d4 e6 6. Nbd2 Bd6 7. Bd3 O-O 8. c4 b6 9. O-O Bb7 10.
Qe2 Qe7 11. e4 dxe4 12. Nxe4 Nxe4 13. Qxe4 g6 14. Rfe1 Rae8 15. Rad1 f5 16. Qe2 Bb4 17. Rf1 c5 18. Ne5 cxd4 19. Bxd4 Nc5 20. Bb1 Ne4 21. Bxe4 Bxe4 22. f3 Rd8 23. fxe4 Rxd4 24. Nc6 Qc5 25. Nxd4 Bc3 26. Qf2 Rd8 27. Nxe6 Qxf2+ 28. Kxf2 1-0

[Event "Early-Titled-Tuesday-Blitz-September-26-2023"]
[Site "Chess.com"]
[Date "2023.09.26"]
[Round "11"]
[White "Boundless_Strike"]
[Black "quvnoq_muxlis"]
[Result "1-0"]
[WhiteElo "2613"]
[BlackElo "2774"]
[TimeControl "180+1"]
[EndTime "10:03:24 PDT"]
[Termination "Boundless_Strike won by checkmate"]

1. d4 Nf6 2. f3 d5 3. e4 dxe4 4.
Nc3 e3 5. Bxe3 Bf5 6. g4 Bg6 7. h4 h6 8. Nh3 c6 9. Nf4 Bh7 10. g5 hxg5 11. hxg5 Bxc2 12. Qxc2 Rxh1 13. gxf6 exf6 14. O-O-O Bd6 15. d5 Qc7 16. dxc6 bxc6 17. Nb5 cxb5 18. Qxc7 Bxc7 19. Bxb5+ Kf8 20. Rxh1 a6 21.
Nd5 axb5 22. Rh8# 1-0

[Event "Early-Titled-Tuesday-Blitz-September-26-2023"]
[Site "Chess.com"]
[Date "2023.09.26"]
[Round "11"]
[White "Raskolnikov6"]
[Black "SargissyanSargis"]
[Result "1-0"]
[WhiteElo "2342"]
[BlackElo "2413"]
[TimeControl "180+1"]
[EndTime "10:03:37 PDT"]
[Termination "Raskolnikov6 won by resignation"]

1. d4 Nf6 2. c4 g6 3. Nc3 d5 4. Nf3 Bg7 5. Bg5 Ne4 6. Bf4 Nxc3 7. bxc3 c5 8. e3 O-O 9. cxd5 Qxd5 10. Be2 Nc6 11.
O-O cxd4 12. cxd4 b6 13. h4 Bb7 14. h5 Rfd8 15. h6 Bf6 16. Qa4 Qf5 17. Rac1 Rac8 18. Ba6 Bxa6 19. Qxa6 g5 20. Bg3 g4 21. Nd2 e5 22. d5 Nb4 23. Qxa7 Rxc1 24. Rxc1 Qd3 25.
Qxb6 Qxd2 26. Qxf6 Qxc1+ 27. Kh2 1-0

[Event "Early-Titled-Tuesday-Blitz-September-26-2023"]
[Site "Chess.com"]
[Date "2023.09.26"]
[Round "11"]
[White "deribas12345"]
[Black "Rozhkov_V"]
[Result "1-0"]
[WhiteElo "2576"]
[BlackElo "2431"]
[TimeControl "180+1"]
[EndTime "10:03:39 PDT"]
[Termination "deribas12345 won by resignation"]

1. d4 d5 2. Nc3 Nf6 3. Bg5 Nbd7 4. Nf3 h6 5. Bh4 e6 6. e3 Bb4 7. Bd3 O-O 8. O-O c5 9. a3 Bxc3 10. bxc3 c4 11. Be2 g5 12. Bg3 Ne4 13. Qe1 f5 14. Be5 g4 15. Nd2 Nxc3 16. Bf4 Kh7 17. f3 Nf6 18. fxg4 Nxe2+ 19. Qxe2 Nxg4 20. Nf3 Bd7 21.
h3 Nf6 22. Ne5 Be8 23. g4 Rg8 24. Kh2 fxg4 25. hxg4 Nxg4+ 26. Kh3 Bh5 27. c3 Qe8 28. Qc2+ Kh8 29. Rg1 Nxe5 30. Bxe5+ 1-0

[Event "Early-Titled-Tuesday-Blitz-September-26-2023"]
[Site "Chess.com"]
[Date "2023.09.26"]
[Round "11"]
[White "BogdanDeac"]
[Black "sergeikim"]
[Result "1-0"]
[WhiteElo "2931"]
[BlackElo "2606"]
[TimeControl "180+1"]
[EndTime "10:03:40 PDT"]
[Termination "BogdanDeac won by resignation"]

1. b3 Nf6 2. Bb2 g6 3. Nf3 Bg7 4. g3 O-O 5. Bg2 d6 6. d4 e5 7.
dxe5 Nfd7 8. O-O dxe5 9. e4 Nc6 10. Na3 Nc5 11. Qe2 Bg4 12. Rad1 Qe7 13. c3 a6 14. Nc4 Be6 15. Ba3 b6 16. Ne3 Rfc8 17.
Nd5 Qf8 18. Ng5 Nd8 19. Nxe6 Ndxe6 20. Bh3 a5 21. Qc4 h6 22. Bxe6 fxe6 23. Ne3 Qf3 24. Bxc5 bxc5 25. Qxe6+ Kh8 26. Qxg6 Rd8 27. Nf5 1-0

[Event "Early-Titled-Tuesday-Blitz-September-26-2023"]
[Site "Chess.com"]
[Date "2023.09.26"]
[Round "11"]
[White "Sinquefield"]
[Black "JoakimVonAnd"]
[Result "0-1"]
[WhiteElo "2547"]
[BlackElo "2712"]
[TimeControl "180+1"]
[EndTime "10:03:42 PDT"]
[Termination "JoakimVonAnd won by resignation"]

1. d4 Nf6 2. Nf3 d5 3. c3 Bf5 4.
Qb3 Qc8 5. Bf4 e6 6. h3 h6 7. Nbd2 c5 8. e3 Nc6 9. Be2 Be7 10. O-O O-O 11. Rac1 c4 12. Qd1 b5 13. Ne5 b4 14.
g4 Bh7 15. Kh2 bxc3 16. bxc3 Nxe5 17. Bxe5 Nd7 18. Bg3 Ba3 19. Rc2 Bxc2 20. Qxc2 Qc6 21. f4 Rab8 22. g5 Rb2 23. Qd1 hxg5 24. fxg5 Bd6 25. Rg1 e5 26. Bg4 exd4 27. exd4 Re8 28. Rg2 Bxg3+ 29. Kxg3 Qd6+ 30. Kh4 Nf8 31. Qf3 Ng6+ 32.
Kh5 Nf4+ 33. Kh4 Nxg2+ 34. Qxg2 Qf4 35. Qxd5 Rxd2 36. g6 Qh6+ 37. Kg3 Qxg6 38. Qd7 Re3+ 39. Kh4 Qh6+ 40. Bh5 g5+ 41. Kg4 Qe6+ 42. Qxe6 Rxe6 0-1

[Event "Early-Titled-Tuesday-Blitz-September-26-2023"]
[Site "Chess.com"]
[Date "2023.09.26"]
[Round "11"]
[White "Aleksandar-Topalov"]
[Black "cristiano78"]
[Result "1/2-1/2"]
[WhiteElo "2371"]
[BlackElo "2246"]
[TimeControl "180+1"]
[EndTime "10:03:43 PDT"]
[Termination "Game drawn by repetition"]

1. b3 Nc6 2. Bb2 Nf6 3. c4 g6 4.
Nf3 Bg7 5. e3 O-O 6. Be2 d5 7.
cxd5 Nxd5 8. Bxg7 Kxg7 9. a3 e5 10. d3 Be6 11. O-O h6 12. Nbd2 f5 13. Qc2 Qf6 14. Rac1 Rfd8 15. b4 Rd7 16. Nb3 e4 17. dxe4 fxe4 18. Qxe4 Bf5 19. Qc4 Nb6 20. Qc3 Qxc3 21. Rxc3 Re7 22. Nc5 Nd5 23. Rcc1 b6 24. e4 bxc5 25. exd5 Rxe2 26. dxc6 cxb4 27. axb4 Rb2 28.
Rfe1 Kf6 29. Ne5 Rxb4 30. Nd7+ Kf7 31. Ne5+ Kf6 32. Nd7+ Kf7 33. Ne5+ Kf6 1/2-1/2

[Event "Early-Titled-Tuesday-Blitz-September-26-2023"]
[Site "Chess.com"]
[Date "2023.09.26"]
[Round "11"]
[White "GG91"]
[Black "Yurasova_Daria"]
[Result "0-1"]
[WhiteElo "2314"]
[BlackElo "2475"]
[TimeControl "180+1"]
[EndTime "10:03:50 PDT"]
[Termination "Yurasova_Daria won by resignation"]

1. d4 d5 2. Nf3 Nf6 3. e3 Bf5 4.
Ne5 e6 5. g4 Bg6 6. h4 h6 7. Nxg6 fxg6 8. Bd3 Kf7 9. h5 g5 10.
Bg6+ Kg8 11. Nd2 Nbd7 12. f4 gxf4 13. exf4 Bd6 14. g5 hxg5 15. fxg5 Nh7 16. Qg4 Nhf8 17.
Nf3 Qe7 18. Bd3 e5 19. dxe5 Nxe5 20. Nxe5 Qxe5+ 21. Kf1 Ne6 22. Bd2 Rf8+ 23. Kg1 Bc5+ 24. Kg2 Rf2+ 25. Kh3 Rxd2 26. Rae1 Nxg5+ 27. Kh4 Bf2+ 0-1

[Event "Early-Titled-Tuesday-Blitz-September-26-2023"]
[Site "Chess.com"]
[Date "2023.09.26"]
[Round "11"]
[White "Rosh1610"]
[Black "Botvinnak"]
[Result "1-0"]
[WhiteElo "2468"]
[BlackElo "2323"]
[TimeControl "180+1"]
[EndTime "10:03:53 PDT"]
[Termination "Rosh1610 won by resignation"]

1. e4 c5 2. Nf3 Nc6 3. d4 cxd4 4.
Nxd4 g6 5. Nc3 Bg7 6. Be3 Nf6 7. Bc4 O-O 8. O-O a6 9. Bb3 d6 10. f3 Bd7 11. Qd2 Rc8 12. h3 Re8 13. Rad1 Ne5 14. Qe2 b5 15. f4 Nc4 16. Bxc4 Rxc4 17. e5 Nh5 18. Qf3 Bh8 19. Ne4 Qc7 20. g4 Ng7 21.
exd6 exd6 22. Nf6+ Kf8 23. Nxe8 Nxe8 24. f5 g5 25. Ne6+ Bxe6 26. fxe6 Bf6 27. exf7 Kxf7 28. Bxg5 Qc5+ 29. Be3 Qe5 30. g5 Re4 31. Rde1 Rxe3 32. Qxe3 Qxe3+ 33. Rxe3 1-0

[Event "Early-Titled-Tuesday-Blitz-September-26-2023"]
[Site "Chess.com"]
[Date "2023.09.26"]
[Round "11"]
[White "Staudenhocker43"]
[Black "Aradhya2000"]
[Result "0-1"]
[WhiteElo "2564"]
[BlackElo "2690"]
[TimeControl "180+1"]
[EndTime "10:03:54 PDT"]
[Termination "Aradhya2000 won by resignation"]

1. e4 e5 2. Nf3 Nc6 3. Bb5 a6 4.
Ba4 Nge7 5. O-O Ng6 6. c3 d5 7. d3 Be7 8. Nbd2 O-O 9. Re1 Be6 10. Nf1 b5 11. Bc2 d4 12. cxd4 Nxd4 13. Nxd4 Qxd4 14. Ng3 Rfd8 15. Re3 Bg5 16. Rf3 Bxc1 17. Qxc1 Nf4 18. a3 c5 19. Re3 Bg4 20. h3 Be6 21. Ne2 Nxe2+ 22. Rxe2 Ra7 23. Rb1 Rad7 24. Qe3 Kf8 25. Qxd4 Rxd4 26. Kf1 c4 27. Rd2 cxd3 28. Bd1 Rxe4 29.
Rc1 Rc4 30. Rxc4 bxc4 31. f3 Ke7 32. Kf2 f5 33. Ke3 f4+ 34. Kf2 h5 35. h4 Kd6 36.
Ba4 Kc5 37. Rd1 Bd7 38. Bxd7 Rxd7 39. Ke1 Kd4 40. Kd2 Rb7 41. Rb1 Rxb2+ 42. Rxb2 c3+ 43. Kc1 cxb2+ 44. Kxb2 Ke3 0-1

[Event "Early-Titled-Tuesday-Blitz-September-26-2023"]
[Site "Chess.com"]
[Date "2023.09.26"]
[Round "11"]
[White "JoliyRoger"]
[Black "nikitakhoroshev"]
[Result "0-1"]
[WhiteElo "2515"]
[BlackElo "2676"]
[TimeControl "180+1"]
[EndTime "10:03:58 PDT"]
[Termination "nikitakhoroshev won on time"]

1. d4 Nf6 2. c4 g6 3. Nc3 Bg7 4. e4 d6 5. Nf3 O-O 6. h3 Na6 7. Bg5 c5 8. d5 h6 9. Be3 e6 10. Qd2 exd5 11. exd5 Re8 12. Bd3 Nb4 13. Bb1 b5 14. a3 bxc4 15. axb4 cxb4 16. Nd1 Bb7 17.
O-O Nxd5 18. Bxh6 c3 19. bxc3 bxc3 20. Qc1 Qf6 21. Bg5 Qe6 22. Ba2 Qf5 23. Bxd5 Bxd5 24. Ne3 Rxe3 25. Qxe3 c2 26. Rac1 a5 27. Nd4 Bxd4 28.
Qxd4 Qxg5 29. g3 Rc8 30. Kh2 Be6 31. h4 Qf5 32. Rfe1 a4 0-1

[Event "Early-Titled-Tuesday-Blitz-September-26-2023"]
[Site "Chess.com"]
[Date "2023.09.26"]
[Round "11"]
[White "wqws"]
[Black "Caroexpert"]
[Result "0-1"]
[WhiteElo "2633"]
[BlackElo "2474"]
[TimeControl "180+1"]
[EndTime "10:03:59 PDT"]
[Termination "Caroexpert won by resignation"]

1. e4 c6 2. d4 d6 3. c4 Nf6 4.
Nc3 e5 5. dxe5 dxe5 6. Qxd8+ Kxd8 7. Nf3 Nbd7 8. Bg5 Bb4 9. O-O-O Kc7 10. Bd3 Re8 11. Ne2 h6 12. Bh4 Bd6 13. Bc2 g5 14. Bg3 Nc5 15. Nc3 a5 16. Rxd6 Kxd6 17. Rd1+ Ke7 18.
Bxe5 Nfd7 19. Bd6+ Kf6 20. e5+ Kg7 21. Nd4 b6 22. Nf5+ Kh7 23. h4 Nxe5 24. hxg5 Ned3+ 25. Bxd3 Nxd3+ 26. Rxd3 Bxf5 27. Rf3 Bg6 28. gxh6 Rad8 29. Rf6 Rd7 30. f4 Re1+ 31. Kd2 Re6 32. Rxe6 fxe6 33. c5 bxc5 0-1

[Event "Early-Titled-Tuesday-Blitz-September-26-2023"]
[Site "Chess.com"]
[Date "2023.09.26"]
[Round "11"]
[White "FMStan15"]
[Black "zozik"]
[Result "0-1"]
[WhiteElo "2112"]
[BlackElo "2319"]
[TimeControl "180+1"]
[EndTime "10:04:07 PDT"]
[Termination "zozik won by resignation"]

1. e4 e6 2. d4 d5 3. e5 c5 4. c3 Nc6 5. Nf3 Qb6 6. Bd3 cxd4 7.
cxd4 Bd7 8. Be2 Nh6 9. Nc3 Nf5 10. Na4 Bb4+ 11. Kf1 Qc7 12. a3 Be7 13. Nc3 h5 14. Be3 a6 15. h4 b5 16. Rc1 Qb6 17. Qd3 Rc8 18. b4 O-O 19. g3 Rc7 20. Kg2 Rfc8 21. Rc2 Bxb4 22. Ng5 Bxc3 23. Rxc3 Nxe5 24. dxe5 Nxe3+ 25. fxe3 Rxc3 26. Qh7+ Kf8 27. Qh8+ Ke7 28. Qxg7 Be8 29.
Qf6+ Kd7 30. Nxf7 Qxe3 31. Qf2 Qxf2+ 32. Kxf2 Bxf7 0-1

[Event "Early-Titled-Tuesday-Blitz-September-26-2023"]
[Site "Chess.com"]
[Date "2023.09.26"]
[Round "11"]
[White "jjlai1111"]
[Black "Cheer_Down"]
[Result "1-0"]
[WhiteElo "2381"]
[BlackElo "2462"]
[TimeControl "180+1"]
[EndTime "10:04:08 PDT"]
[Termination "jjlai1111 won by resignation"]

1. d4 Nf6 2. Nf3 d5 3. g3 e6 4.
Bg2 Be7 5. c4 O-O 6. Nc3 dxc4 7.
e4 Nc6 8. Be3 a6 9. a4 Ng4 10.
O-O Nxe3 11. fxe3 Rb8 12. a5 b5 13. axb6 cxb6 14. d5 Nb4 15. Nd4 e5 16. Nf5 Bxf5 17. exf5 Bc5 18. Qe2 Qg5 19. Rf3 b5 20. Ne4 Qe7 21.
f6 Qa7 22. fxg7 Kxg7 23. Kh1 f5 24. Ng5 Rbe8 25. Ne6+ Rxe6 26. dxe6 e4 27. Rf4 Bxe3 28. e7 Re8 29. Rxf5 Nd3 30. Qg4+ Kh8 31. Rf8+ 1-0

[Event "Early-Titled-Tuesday-Blitz-September-26-2023"]
[Site "Chess.com"]
[Date "2023.09.26"]
[Round "11"]
[White "Smile2005"]
[Black "Bodhanas"]
[Result "1-0"]
[WhiteElo "2399"]
[BlackElo "2057"]
[TimeControl "180+1"]
[EndTime "10:04:10 PDT"]
[Termination "Smile2005 won by checkmate"]

1. e4 e6 2. d4 d5 3. Nd2 Nf6 4. e5 Nfd7 5. Bd3 c5 6. c3 Nc6 7. Ne2 cxd4 8. cxd4 f6 9. exf6 Nxf6 10. O-O Bd6 11.
Nf3 O-O 12. Re1 Qc7 13. h3 e5 14. dxe5 Nxe5 15. Nxe5 Bxe5 16. Nc3 Bxc3 17. bxc3 Bd7 18. Ba3 Rfe8 19. Qf3 Bc6 20. Qf5 Qd7 21. Qxd7 Bxd7 22. Be7 Nh5 23. Bg5 g6 24. c4 Bc6 25. cxd5 Bxd5 26.
Red1 Ng7 27. Bb5 Bc6 28. Bc4+ Kf8 29. Rd6 Nf5 30. Rf6+ Kg7 31. Rf7+ Kg8 32. Rxf5+ Kg7 33. Rf7+ Kg8 34. Bf6 Re4 35. Rg7+ Kf8 36. Rg8# 1-0

[Event "Early-Titled-Tuesday-Blitz-September-26-2023"]
[Site "Chess.com"]
[Date "2023.09.26"]
[Round "11"]
[White "AsaHoffmann"]
[Black "CristianS27"]
[Result "1-0"]
[WhiteElo "2403"]
[BlackElo "2463"]
[TimeControl "180+1"]
[EndTime "10:04:14 PDT"]
[Termination "AsaHoffmann won by resignation"]

1. d4 Nf6 2. Bg5 Ne4 3. Bf4 c5 4. f3 Qa5+ 5. c3 Nf6 6. d5 e6 7. e4 exd5 8. exd5 d6 9. Na3 Be7 10. Nc4 Qd8 11. a4 O-O 12. Be2 Re8 13. g4 Nbd7 14.
Nh3 Nb6 15. Ne3 Nh5 16. gxh5 Bxh3 17. Kf2 Bh4+ 18. Bg3 Qg5 19. Qd3 c4 20. Qd4 Bxg3+ 21. hxg3 Bd7 22. f4 Qe7 23. Bf3 Nc8 24. h6 f6 25. Rae1 g6 26. Qxc4 Nb6 27. Qd4 Qf7 28. a5 Na4 29. Re2 Rac8 30. Rhe1 Bb5 31. c4 Ba6 32. b3 Nc5 33. Ng4 Nd7 34. Rxe8+ Rxe8 35. Rxe8+ Qxe8 36. Nxf6+ Nxf6 37. Qxf6 Qd7 38. Bg4 1-0